 Dungeon Crawl Stone Soup version 0.20-a0-1122-gb7cbeb9 (webtiles) character file.

65 CanOfBees the Ducker (level 3, 0/28 HPs)
             Began as a Demonspawn Gladiator on May 13, 2017.
             Slain by a gnoll (4 damage)
             ... on level 2 of the Dungeon.
             The game lasted 00:02:28 (2202 turns).

CanOfBees the Ducker (Demonspawn Gladiator)         Turns: 2202, Time: 00:02:28

Health: 0/28       AC: 10    Str: 14    XL:     3   Next: 94%
Magic:  3/3        EV: 13    Int:  9    God:
Gold:   59         SH:  6    Dex: 15    Spells: 2/2 levels left

rFire    . . .     SeeInvis .   a - +0 quarterstaff
rCold    . . .     Gourm    .   (shield currently unavailable)
rNeg     . . .     Faith    .   b - +0 leather armour
rPois    .         Spirit   .   c - +0 helmet
rElec    .         Reflect  +   (no cloak)
rCorr    .         Harm     .   (no gloves)
MR       .....                  (no boots)
Stlth    +.........             g - +6 amulet of reflection
Regen    0.1/turn               (no ring)
MPRegen  0.1/turn               (no ring)

@: sanguine armour
A: powered by pain 1, sanguine armour 1
a: no special abilities


You were on level 2 of the Dungeon.
You were not hungry.

You visited 1 branch of the dungeon, and saw 2 of its levels.

You collected 59 gold pieces.

Inventory:

Hand Weapons
 a - a +0 quarterstaff (weapon)
 e - a +0 hunting sling
Missiles
 d - 2 throwing nets (quivered)
Armour
 b - a +0 leather armour (worn)
 c - a +0 helmet (worn)
Jewellery
 g - a +6 amulet of reflection (around neck)
Scrolls
 h - a scroll of identify {unknown}
 i - a scroll of recharging {unknown}
 k - 2 scrolls of blinking {unknown}
 q - a scroll of magic mapping {unknown}
Potions
 l - a potion of degeneration {unknown}
 m - a potion of cancellation {unknown}
 n - a potion of heal wounds {unknown}
Comestibles
 f - 2 bread rations
 j - a meat ration
 o - 3 royal jellies


   Skills:
 + Level 2.4 Fighting
 + Level 3.2 Staves
 + Level 2.5 Throwing
 + Level 3.2 Dodging


You had 2 spell levels left.
You didn't know any spells.

Dungeon Overview and Level Annotations

Branches:
Dungeon (2/15)

Altars:
Ashenzari


Innate Abilities, Weirdness & Mutations

You sometimes gain a little power by taking damage.
When seriously injured, your bleeding wounds create armour. (AC +6)


Message History

You hit the gnoll but do no damage.
The gnoll is severely wounded.
You block the gnoll's attack. The gnoll hits you with a halberd.
Your blood congeals into armour.
You barely miss the gnoll.
The gnoll is severely wounded.
The gnoll closely misses you. You block the gnoll's attack.
The gnoll hits you from afar with a spear.
You sock the gnoll!
You kill the gnoll!
The gnoll hits you from afar with a spear.
* * * LOW HITPOINT WARNING * * *
You thump the gnoll!
The gnoll is heavily wounded.
The gnoll hits you.
* * * LOW HITPOINT WARNING * * *
The gnoll misses you.
Okay, then.
The gnoll hits you.
You die...

#.# #.# #.###.#
##.....# ##...####
#....# #....#
#.#.##
#....##########
#..........@..##
##...#######g..####
##.########......#
#.........g.....#
########........#
#........#
###.....># #....###
##.#.#


You could see 2 gnolls.

Vanquished Creatures
  A gnoll (D:2)
  An adder (D:2)
  A leopard gecko (D:2)
  6 bats (D:1)
  A giant cockroach (D:1)
  8 goblins (D:1)
  4 hobgoblins
  2 jackals (D:1)
  A quokka (D:2)
  2 ball pythons (D:1)
  2 frilled lizards (D:1)
  8 kobolds
  6 rats
43 creatures vanquished.

Notes
Turn   | Place    | Note
-------+----------+-------------------------------------------
     0 | D:1      | CanOfBees the Demonspawn Gladiator began the quest for the Orb.
     0 | D:1      | Reached XP level 1. HP: 16/16 MP: 1/1
   285 | D:1      | Gained mutation: You sometimes gain a little power by taking damage. [demonic ancestry]
   285 | D:1      | Reached XP level 2. HP: 17/22 MP: 2/2
  1442 | D:1      | Gained mutation: When seriously injured, your bleeding wounds create armour. (AC +6) [demonic ancestry]
  1442 | D:1      | Reached XP level 3. HP: 27/27 MP: 3/3
  1916 | D:2      | Found a shattered altar of Ashenzari.
  2202 | D:2      | Slain by a gnoll

Vault maps used:
D:1:      dpeg_arrival_shelter, minmay_strange_pillars
D:2:      tso_altar, evilmike_ruin_ashenzari

Skill      XL: |  1  2 |
---------------+-------+-----
Staves         | 3 |  3.2
Throwing       | 2 |  2.5
Dodging        | 3 |  3.2
Fighting       | |  2.4

Action                   || total
-------------------------++-------
Melee: Quarterstaff      ||   147
Throw: Throwing net      ||     1
 Stab: Sleeping          ||     3
  Eat: Chunk             ||     4
Armor: Leather armour    ||    49
Dodge: Dodged            ||   116
Block: Other             ||    16
